cohdb
Replays
Latest Replays
All Replays
Popular Replays
Top Player Replays
Match Explorer
How It Works
Community
CoH3 Stats
Reddit
Sign in to upload your games and track your stats! →
Sign in with Steam
Match 41444287
Unlisted
Match 41444287
Overview
Messages
Build Orders
End
Construct Infanterie Kompanie
Kettenkrad Recon Vehicle
Selects Breakthrough Battlegroup
Selects Assault Grenadiers
MG 42 Machine Gun Team
Grenadier Squad
GrW 34 Mortar Team
Grenadier Squad
Construct Luftwaffe Kompanie
Selects 2.5-tonne Cargo Truck
2.5-tonne Cargo Truck
Selects Breakthrough
Selects Smoke Bombing Run
Medical Station
Support Elements
Construct Panzer Kompanie
Wirbelwind Flakpanzer
Luftwaffe Officer Quarters
Selects Blitzkrieg
Jäger Squad
Side Skirts
Forward Retreat Point
Selects Incendiary Bombing Run
Incendiary Bombing Run
Medical Bunker
Jäger Squad
Gendalf
Liet
mp1otr
Jolesepher
MADAO
ROFLMAO
0
0
Comments
sign in to comment!
No comments posted yet!